[ AOE2 MATCH · #495343091 ]
UnrankedBengalis vs Malians
Player's team · LOSS
Rival team · WIN
[ REPLAY ANALYSIS · EXTRACTED FROM THE RECORDED GAME ]
Feudal
10:57
Castle
14:55
Imperial
—
| APM avg | 66.6 |
| APM peak | 139 |
| eAPM avg | 32.3 |
| Villagers / military | 79 / 51 |
Focus
⚔️ 45.4% · 🌾 54.6%
Ratha (Ranged) ×42 · Mangonel ×5 · Monk ×2 · Armored Elephant ×2
Feudal
11:44
Castle
15:26
Imperial
—
| APM avg | 50.3 |
| APM peak | 90 |
| eAPM avg | 25.3 |
| Villagers / military | 70 / 35 |
Focus
⚔️ 36.9% · 🌾 63.1%
Monk ×23 · Gbeto ×6 · Militia ×4 · Mangonel ×2
Match map
Initial resources + every placement click. Lines = walls · curves = elevation contours. ◆ gold · ⬟ stone · ● berries · ✦ relic · ◌ wall gap
Your base· Open — unwalled flank
mouri's base· Open — unwalled flank
Smoothed initial terrain · ◌ = detected wall gap · hover for details
Inputs per minute
— Tacacá - - mouri
Build order — Tacacá
First 150 of 236 actions detected
| 0:02 | Queue | Villager (Male) ×4 |
| 0:03 | Build | House |
| 0:04 | Build | House |
| 1:36 | Queue | Villager (Male) |
| 1:36 | Queue | Villager (Male) |
| 1:54 | Build | Lumber Camp |
| 1:56 | Queue | Villager (Male) |
| 1:56 | Queue | Villager (Male) |
| 2:13 | Queue | Villager (Male) |
| 2:13 | Queue | Villager (Male) |
| 2:45 | Queue | Villager (Male) |
| 2:46 | Queue | Villager (Male) |
| 3:07 | Queue | Villager (Male) |
| 3:07 | Queue | Villager (Male) |
| 3:34 | Queue | Villager (Male) |
| 3:34 | Queue | Villager (Male) |
| 3:34 | Queue | Villager (Male) |
| 4:11 | Build | House |
| 4:28 | Queue | Villager (Male) |
| 4:28 | Queue | Villager (Male) |
| 4:46 | Build | Mill |
| 4:49 | Queue | Villager (Male) |
| 4:49 | Queue | Villager (Male) |
| 5:17 | Queue | Villager (Male) |
| 5:17 | Queue | Villager (Male) |
| 5:17 | Queue | Villager (Male) |
| 5:34 | Build | House |
| 5:44 | Queue | Villager (Male) |
| 5:44 | Queue | Villager (Male) |
| 6:04 | Build | House |
| 6:22 | Queue | Villager (Male) |
| 6:52 | Queue | Villager (Male) |
| 6:52 | Queue | Villager (Male) |
| 7:29 | Research | Loom |
| 7:44 | Build | Mining Camp |
| 7:52 | Queue | Villager (Male) |
| 8:06 | Build | Farm |
| 8:21 | Queue | Villager (Male) |
| 8:36 | Research | Feudal Age |
| 8:36 | Research | Feudal Age |
| 8:38 | Build | Palisade Wall |
| 8:40 | Build | Palisade Wall |
| 8:41 | Build | Palisade Wall |
| 8:42 | Build | Palisade Wall |
| 8:44 | Build | Palisade Wall |
| 8:46 | Build | Palisade Wall |
| 10:02 | Build | Farm |
| 10:44 | Build | Palisade Wall |
| 10:57 | Age | Feudal Age |
| 11:01 | Build | Market |
| 11:06 | Build | Blacksmith |
| 12:15 | Research | Castle Age |
| 12:15 | Research | Castle Age |
| 12:25 | Build | Farm |
| 12:41 | Build | Farm |
| 12:43 | Build | Farm |
| 12:57 | Build | Palisade Wall |
| 13:24 | Research | Double-Bit Axe |
| 13:24 | Research | Double-Bit Axe |
| 14:00 | Build | Farm |
| 14:41 | Queue | Villager (Male) |
| 14:55 | Age | Castle Age |
| 15:03 | Research | Bow Saw |
| 15:03 | Research | Bow Saw |
| 15:06 | Build | Castle |
| 15:14 | Queue | Villager (Male) |
| 15:31 | Build | Mining Camp |
| 15:34 | Queue | Villager (Male) |
| 15:49 | Queue | Villager (Male) |
| 16:16 | Queue | Villager (Male) |
| 16:21 | Queue | Ratha (Ranged) |
| 16:45 | Queue | Ratha (Ranged) |
| 16:47 | Queue | Villager (Male) |
| 16:49 | Build | Farm |
| 16:51 | Build | Farm |
| 17:03 | Queue | Ratha (Ranged) |
| 17:05 | Queue | Villager (Male) |
| 17:19 | Build | Outpost |
| 17:34 | Queue | Ratha (Ranged) |
| 17:35 | Research | Fletching |
| 17:35 | Research | Fletching |
| 17:42 | Queue | Villager (Male) |
| 18:00 | Build | Palisade Wall |
| 18:00 | Build | Palisade Wall |
| 18:08 | Build | Palisade Wall |
| 18:13 | Queue | Villager (Male) |
| 18:14 | Build | Farm |
| 18:14 | Queue | Ratha (Ranged) |
| 18:34 | Build | Siege Workshop |
| 18:37 | Queue | Villager (Male) |
| 18:41 | Queue | Ratha (Ranged) |
| 18:45 | Build | Farm |
| 18:57 | Queue | Ratha (Ranged) |
| 19:00 | Queue | Villager (Male) |
| 19:20 | Queue | Armored Elephant |
| 19:24 | Queue | Villager (Male) |
| 19:26 | Build | Lumber Camp |
| 19:34 | Build | House |
| 19:40 | Queue | Ratha (Ranged) |
| 19:43 | Queue | Villager (Male) |
| 20:03 | Build | House |
| 20:05 | Queue | Ratha (Ranged) |
| 20:23 | Queue | Villager (Male) |
| 20:24 | Build | Farm |
| 20:26 | Queue | Ratha (Ranged) |
| 20:36 | Build | House |
| 20:37 | Queue | Villager (Male) |
| 20:43 | Queue | Ratha (Ranged) |
| 20:57 | Research | Bodkin Arrow |
| 20:57 | Research | Bodkin Arrow |
| 21:06 | Queue | Villager (Male) |
| 21:06 | Queue | Villager (Male) |
| 21:08 | Build | House |
| 21:18 | Build | Farm |
| 21:18 | Build | Farm |
| 21:22 | Queue | Ratha (Ranged) |
| 21:23 | Queue | Ratha (Ranged) |
| 21:23 | Queue | Ratha (Ranged) |
| 21:24 | Queue | Villager (Male) |
| 21:24 | Queue | Villager (Male) |
| 21:24 | Queue | Villager (Male) |
| 21:41 | Build | Monastery |
| 22:02 | Queue | Villager (Male) |
| 22:10 | Queue | Mangonel |
| 22:10 | Queue | Mangonel |
| 22:14 | Build | House |
| 22:20 | Queue | Villager (Male) |
| 22:20 | Build | Farm |
| 22:31 | Build | Farm |
| 22:34 | Build | Farm |
| 22:48 | Queue | Villager (Male) |
| 22:49 | Queue | Monk |
| 23:03 | Queue | Mangonel |
| 23:05 | Queue | Villager (Male) |
| 23:22 | Build | House |
| 23:24 | Build | House |
| 23:29 | Build | House |
| 23:31 | Build | Palisade Wall |
| 23:45 | Research | Devotion |
| 23:45 | Research | Devotion |
| 23:49 | Queue | Villager (Male) |
| 24:00 | Queue | Mangonel |
| 24:09 | Queue | Villager (Male) |
| 24:12 | Build | Farm |
| 24:19 | Queue | Ratha (Ranged) |
| 24:19 | Queue | Ratha (Ranged) |
| 24:19 | Queue | Ratha (Ranged) |
| 24:30 | Queue | Ratha (Ranged) |
| 24:42 | Queue | Villager (Male) |
| 25:09 | Queue | Villager (Male) |
Build order — mouri
First 150 of 211 actions detected
| 0:00 | Queue | Villager (Male) |
| 0:01 | Queue | Villager (Male) |
| 0:02 | Build | House |
| 0:02 | Build | House |
| 0:08 | Queue | Villager (Male) |
| 0:14 | Queue | Villager (Male) |
| 1:24 | Queue | Villager (Male) |
| 1:24 | Queue | Villager (Male) |
| 1:57 | Queue | Villager (Male) |
| 2:14 | Queue | Villager (Male) |
| 2:18 | Build | Lumber Camp |
| 2:33 | Queue | Villager (Male) |
| 3:12 | Queue | Villager (Male) |
| 3:22 | Queue | Villager (Male) |
| 3:42 | Queue | Villager (Male) |
| 3:51 | Build | House |
| 4:21 | Build | Barracks |
| 4:35 | Queue | Villager (Male) |
| 4:37 | Queue | Villager (Male) |
| 4:59 | Build | House |
| 5:17 | Build | House |
| 5:20 | Build | Palisade Wall |
| 5:23 | Build | Palisade Wall |
| 5:25 | Queue | Militia |
| 5:25 | Queue | Militia |
| 5:26 | Queue | Villager (Male) |
| 5:34 | Build | Palisade Wall |
| 5:40 | Queue | Villager (Male) |
| 5:44 | Research | Loom |
| 6:07 | Build | Palisade Wall |
| 6:10 | Build | Palisade Wall |
| 6:15 | Queue | Militia |
| 6:15 | Queue | Militia |
| 6:39 | Queue | Villager (Male) |
| 6:41 | Build | Mill |
| 6:43 | Queue | Villager (Male) |
| 7:28 | Queue | Villager (Male) |
| 7:36 | Queue | Villager (Male) |
| 7:50 | Queue | Villager (Male) |
| 7:52 | Build | House |
| 8:00 | Queue | Villager (Male) |
| 8:24 | Queue | Villager (Male) |
| 8:26 | Build | Farm |
| 8:27 | Build | Farm |
| 8:30 | Build | Mining Camp |
| 9:04 | Queue | Villager (Male) |
| 9:34 | Research | Feudal Age |
| 9:34 | Research | Feudal Age |
| 9:34 | Research | Feudal Age |
| 10:26 | Build | House |
| 11:02 | Queue | Villager (Male) |
| 11:29 | Queue | Villager (Male) |
| 11:44 | Age | Feudal Age |
| 11:46 | Build | Market |
| 11:48 | Build | Blacksmith |
| 12:20 | Build | House |
| 12:46 | Research | Castle Age |
| 12:46 | Research | Castle Age |
| 12:50 | Build | House |
| 13:03 | Build | Farm |
| 13:50 | Build | Palisade Gate |
| 14:25 | Research | Double-Bit Axe |
| 14:25 | Research | Double-Bit Axe |
| 14:26 | Research | Horse Collar |
| 14:26 | Research | Horse Collar |
| 14:43 | Build | House |
| 14:44 | Build | House |
| 14:45 | Build | House |
| 15:11 | Queue | Villager (Male) |
| 15:26 | Age | Castle Age |
| 15:27 | Queue | Villager (Male) |
| 15:28 | Build | Monastery |
| 15:33 | Build | Siege Workshop |
| 15:45 | Queue | Villager (Male) |
| 15:56 | Build | Farm |
| 16:02 | Build | Lumber Camp |
| 16:12 | Build | House |
| 16:15 | Build | Palisade Wall |
| 16:17 | Build | House |
| 16:18 | Queue | Monk |
| 16:22 | Queue | Villager (Male) |
| 16:25 | Queue | Mangonel |
| 16:27 | Build | Farm |
| 16:29 | Queue | Monk |
| 16:37 | Build | Monastery |
| 16:38 | Build | Farm |
| 16:39 | Queue | Villager (Male) |
| 16:41 | Build | House |
| 16:42 | Build | House |
| 16:44 | Build | House |
| 16:46 | Build | House |
| 16:48 | Build | Palisade Wall |
| 16:49 | Build | Palisade Wall |
| 16:56 | Queue | Villager (Male) |
| 17:08 | Build | Lumber Camp |
| 17:10 | Queue | Villager (Male) |
| 17:13 | Build | Palisade Wall |
| 17:13 | Build | Palisade Wall |
| 17:32 | Queue | Monk |
| 17:34 | Build | Farm |
| 17:37 | Build | Farm |
| 17:41 | Queue | Villager (Male) |
| 17:42 | Queue | Villager (Male) |
| 18:15 | Queue | Villager (Male) |
| 18:18 | Queue | Monk |
| 18:28 | Research | Sanctity |
| 18:32 | Build | House |
| 18:47 | Queue | Villager (Male) |
| 18:58 | Queue | Monk |
| 19:07 | Build | Mining Camp |
| 19:22 | Queue | Monk |
| 19:29 | Queue | Villager (Male) |
| 19:41 | Build | Farm |
| 19:41 | Build | Farm |
| 19:43 | Queue | Monk |
| 19:49 | Build | Outpost |
| 19:52 | Research | Town Watch |
| 19:52 | Research | Town Watch |
| 19:56 | Queue | Monk |
| 19:57 | Queue | Monk |
| 20:09 | Queue | Mangonel |
| 20:17 | Build | Farm |
| 20:17 | Build | Farm |
| 20:25 | Build | House |
| 20:27 | Build | House |
| 20:29 | Queue | Villager (Male) |
| 20:32 | Queue | Monk |
| 20:50 | Queue | Villager (Male) |
| 20:58 | Queue | Villager (Male) |
| 20:59 | Queue | Villager (Male) |
| 21:11 | Research | Redemption |
| 21:44 | Queue | Villager (Male) |
| 21:47 | Build | Town Center |
| 21:52 | Build | Farm |
| 22:18 | Queue | Villager (Male) |
| 22:19 | Queue | Villager (Male) |
| 22:21 | Queue | Monk |
| 22:48 | Queue | Villager (Male) |
| 22:52 | Build | Farm |
| 22:53 | Build | Farm |
| 22:53 | Build | Farm |
| 23:18 | Build | Outpost |
| 23:19 | Queue | Villager (Male) |
| 23:23 | Research | Wheelbarrow |
| 23:58 | Queue | Villager (Male) |
| 23:58 | Queue | Villager (Male) |
| 24:03 | Build | Town Center |
| 24:20 | Queue | Villager (Male) |
| 24:20 | Queue | Villager (Male) |
| 24:27 | Queue | Monk |
Match timeline
| 4:21 | mouri · first_building Barracks |
| 5:20 | mouri · wall_segment Palisade Wall x5 |
| 5:23 | mouri · wall_segment Palisade Wall x9 |
| 5:34 | mouri · wall_segment Palisade Wall x10 |
| 6:07 | mouri · wall_segment Palisade Wall x5 |
| 6:10 | mouri · wall_segment Palisade Wall x3 |
| 8:38 | Tacacá · wall_segment Palisade Wall x1 |
| 8:40 | Tacacá · wall_segment Palisade Wall x1 |
| 8:41 | Tacacá · wall_segment Palisade Wall x1 |
| 8:42 | Tacacá · wall_segment Palisade Wall x1 |
| 8:44 | Tacacá · wall_segment Palisade Wall x1 |
| 8:46 | Tacacá · wall_segment Palisade Wall x1 |
| 10:44 | Tacacá · wall_segment Palisade Wall x1 |
| 10:57 | Tacacá · age_up feudal |
| 11:44 | mouri · age_up feudal |
| 11:51 | Tacacá · first_market_sell 100 stone |
| 12:37 | mouri · first_market_sell 100 wood |
| 12:38 | mouri · first_market_buy 100 food |
| 12:57 | Tacacá · wall_segment Palisade Wall x13 |
| 14:55 | Tacacá · age_up castle |
| 15:06 | Tacacá · first_building Castle |
| 15:26 | mouri · age_up castle |
| 15:28 | mouri · first_building Monastery |
| 15:33 | mouri · first_building Siege Workshop |
| 16:15 | mouri · wall_segment Palisade Wall x1 |
| 16:48 | mouri · wall_segment Palisade Wall x1 |
| 16:49 | mouri · wall_segment Palisade Wall x1 |
| 17:13 | mouri · wall_segment Palisade Wall x1 |
| 17:13 | mouri · wall_segment Palisade Wall x1 |
| 18:00 | Tacacá · wall_segment Palisade Wall x1 |
| 18:00 | Tacacá · wall_segment Palisade Wall x1 |
| 18:08 | Tacacá · wall_segment Palisade Wall x1 |
| 18:34 | Tacacá · first_building Siege Workshop |
| 20:50 | Tacacá · first_market_buy 100 food |
| 21:41 | Tacacá · first_building Monastery |
| 23:31 | Tacacá · wall_segment Palisade Wall x1 |
| 25:36 | mouri · first_building Castle |
| 33:22 | Tacacá · resign |
[ AI ANALYSIS · 1 CREDIT ]
What really happened in this match?
Wolo.gg analyzes every decision: build order, eco, micro, common mistakes by bracket. Personalized analysis on WhatsApp or Discord in 30 seconds.
Civ guide
Bengalis
Perfil
Jugador #18917671